[Event "NJSK 2018 Jeugd C"]
[Site "Assen, Netherlands"]
[Date "2018.05.02"]
[Round "5.2"]
[White "Kutchoukov, Daniel"]
[Black "Shakhverdian, William"]
[Result "1-0"]
[TimeControl "40/90m+30sec/move"]
[WhiteElo "1902"]
[BlackElo "1777"]

1. e4 e5 2. Nf3 Nc6 3. Nc3 Nf6 4. Be2 d5 5. exd5 Nxd5 6. O-O Nxc3 7. bxc3 Bd6 8. d4 exd4 9. cxd4 O-O 10.
Rb1 Rb8 11. c4 Bg4 12. Be3 b6 13. h3 Bxf3 14. Bxf3 Ne7 15. c5 bxc5 16. dxc5 Be5 17. c6 Qxd1 18. Rfxd1 Nf5 19. Bxa7 Ra8 20.
Bc5 Bd6 21. Bxd6 Nxd6 22. Ra1 Ra3 23. Bd5 Rfa8 24. Rab1 R3a5 25. Bb3 Kf8 26. Rd5 Rxd5 27. Bxd5 Ra5 28. Rd1 Ke7 29. Rd2 Rc5 30.
Bf3 Rc1+ 31. Kh2 Rc5 32. Kg3 Rg5+ 33. Kf4 Rf5+ 34. Kg4 Rc5 35. Kg3 Rg5+ 36. Kh2 Rc5 37. g4 g5 38. Kg2 f6 39.
Kf1 Ke6 40. Ke2 Nb5 41. Rd7 Rc2+ 42. Ke3 Rc3+ 43. Ke2 Rc2+ 44. Kf1 h6 45. a4 Nc3 46. Rd4 Rc1+ 47. Kg2 Ra1 48. Rd7 Rxa4 49.
Rxc7 Nb5 50. Rh7 Ra7 51. Rxh6 Rc7 52. h4 gxh4 53. g5 Rg7 54. Rxf6+ Ke5 55. Rf8 Rxg5+ 56. Kh3 Rg7 57. Kxh4 Nd4 58. Re8+ Kf5 59. Bd5 Rh7 60.
Kg3 Rg7+ 61. Kh3 Rh7 62. Kg2 Rg7+ 63. Kf1 Rc7 64. Re3 Nc2 65. Be4+ Kf4 66. Bxc2 Rxc6 67. Bd3 Rc3 68. Kg2 Rc7 69.
Re4+ Kg5 70. Kg3 Rc3 71. f4+ Kf6 72. Re3 Ra3 73. Kg4 Rc3 74. f5 Kg7 75. Kg5 Rc1 76. f6+ Kf8 77. Rg3 Kf7 78.
Bf5 Rc6 79. Bg6+ Kg8 80. Re3 Rc8 81. f7+ Kg7 82. Re7 Rc5+ 83. Bf5 Kf8 84. Rd7 Rc6 85. Be4 Rc1 86. Kf6 Rf1+ 87. Bf5 Rd1 88.
Re7 Re1 89. Re6 Re2 90. Ra6 Ra2 91. Rb6 Rb2 92. Rc6 Rc2 93. Rd6 Rd2 94. Re6 Re2 95. Ra6 Ra2 96. Re6 Re2 97. Bg6 Rf2+ 98. Kg5 Rg2+ 99. Kf4 Kg7 100. Re8 Rf2+ 101. Ke4 1-0

[Event "NJSK 2018 Jeugd C"]
[Site "Assen, Netherlands"]
[Date "2018.05.02"]
[Round "5.3"]
[White "Nguyen, Lucas"]
[Black "Pham, Khoi"]
[Result "0-1"]
[TimeControl "40/90m+30sec/move"]
[WhiteElo "1919"]
[BlackElo "1983"]

1. e4 c5 2. Nf3 d6 3. d4 cxd4 4. Nxd4 Nf6 5. Nc3 a6 6. f3 e6 7. Be3 b5 8. Qd2 Nbd7 9. g4 Nb6 10.
h4 Bb7 11. Qf2 Nfd7 12. a4 b4 13. Na2 d5 14. exd5 Nxd5 15. Bg5 Qc7 16. O-O-O Bd6 17. Kb1 Rc8 18. Nb3 O-O 19. Bd3 Nc5 20.
Nxc5 Bxc5 21. Qe2 Bc6 22. b3 Rb8 23. Bd2 Bxa4 24. bxa4 b3 25. Bc4 bxa2+ 26. Kxa2 Qc6 27. Bb3 Bb4 28.
Qc4 Qb6 29. Bxb4 Nxb4+ 30. Ka1 Rfc8 31. Qd4 Qc6 32. Rd2 Qxf3 33. Rhd1 h6 34. Rf2 Nxc2+ 35. Rxc2 Rxc2 36. Rd3 Rc1+ 37.
Kb2 Qf1 38. Ka2 Ra1+ 39. Qxa1 Qxd3 40. Qb2 Qxb3+ 41. Qxb3 Rxb3 42. Kxb3 f5 43. gxf5 exf5 0-1

[Event "NJSK 2018 Jeugd C"]
[Site "Assen, Netherlands"]
[Date "2018.05.02"]
[Round "5.4"]
[White "Boghossian, Wahe"]
[Black "Maters, Arthur"]
[Result "1-0"]
[TimeControl "40/90m+30sec/move"]
[WhiteElo "1748"]
[BlackElo "1895"]

1. e4 c5 2. Nf3 d6 3. d4 cxd4 4. Nxd4 Nf6 5. Nc3 a6 6. Be3 e5 7. Nb3 Be6 8. f3 h5 9. Qd2 Nbd7 10.
Rd1 Rc8 11. Be2 b5 12. O-O b4 13. Nd5 Bxd5 14. exd5 a5 15. Bb5 Be7 16. a3 O-O 17. axb4 axb4 18. Bc6 Nb8 19. Bb7 Rc7 20.
Bb6 Nbd7 21. Bxc7 Qxc7 22. Bc6 Nb8 23. Qxb4 Nxc6 24. dxc6 Qxc6 25. Na5 Qc7 26.
Qc3 Qb6+ 27. Kh1 d5 28. Nc6 Bd6 29. Nxe5 d4 30. Qc6 Qb8 31. f4 Rc8 32. Qa4 Qxb2 33. Qxd4 Qxd4 34. Rxd4 Bxe5 35.
fxe5 Ng4 36. h3 Ne3 37. Rc1 Rxc2 38. Rxc2 Nxc2 39. Rd8+ Kh7 40. Rd7 Kg6 41. Kh2 Ne3 42. Kg3 Nf5+ 43.
Kf4 Nh4 44. Rd6+ Kh7 45. g3 Ng6+ 46. Kf5 Ne7+ 47. Kg5 g6 48. Kf6 Nf5 49. Kxf7 Nxg3 50. Rxg6 Ne4 51. Rg1 h4 52. Rg4 Nd6+ 1-0

[Event "NJSK 2018 Jeugd C"]
[Site "Assen, Netherlands"]
[Date "2018.05.02"]
[Round "5.5"]
[White "Brandsma, Romayn"]
[Black "Klaren, Duncan"]
[Result "1-0"]
[TimeControl "40/90m+30sec/move"]
[WhiteElo "1715"]
[BlackElo "1713"]

1. e4 c5 2. c3 Nf6 3. e5 Nd5 4. g3 Nc6 5. Bg2
e6 6. Nf3 Qc7 7. Qe2 Be7 8. O-O O-O 9. d4 cxd4 10. cxd4 d6 11.
Bd2 Rd8 12. Nc3 Qb6 13. Nxd5 exd5 14. Ng5 Be6 15. Nxe6 fxe6 16. exd6 Nxd4 17. Qg4 Bxd6 18. Be3 Bc5 19. Rac1 e5 20.
Rfd1 Rac8 21. Bxd5+ Kh8 22. Bxd4 exd4 23. Be4 Qh6 24. b4 d3 25. Rxc5 Rxc5 26. bxc5 d2 27. Bxb7 Qf6 28. Qh4 g5 29.
Qe4 Rd4 30. Qe2 Qg6 31. Qe5 Qg7 32. Qxg7 Kxg7 33. c6 1-0

[Event "NJSK 2018 Jeugd C"]
[Site "Assen, Netherlands"]
[Date "2018.05.02"]
[Round "5.6"]
[White "Van der Hagen, Loek"]
[Black "Bartels, Vladimir"]
[Result "1-0"]
[TimeControl "40/90m+30sec/move"]
[WhiteElo "1815"]
[BlackElo "1757"]

1. e4 e5 2. Nf3 Nc6 3. Bb5 a6 4.
Ba4 Nf6 5. O-O Be7 6. Re1 b5 7. Bb3 d6 8. c3 O-O 9. h3 Nb8 10. d4 Nbd7 11. Nbd2 Bb7 12. Bc2 Re8 13. Nf1 Bf8 14.
Ng3 g6 15. Nh2 c5 16. Kh1 Bg7 17. d5 c4 18. Be3 Qc7 19. f4 Rad8 20. f5 Nc5 21. Qc1 Qe7 22. a4 Ra8 23. Bxc5 dxc5 24.
Qe3 b4 25. b3 cxb3 26. Bxb3 a5 27. Rac1 Rac8 28. cxb4 cxb4 29. Qb6 Bh6 30. Rc4 Rxc4 31. Bxc4 Rc8 32. Bb5 Qc7 33. Qxf6 Qc3 34. Nf3 Be3 35. Ne2 Qc7 36.
Qxe5 Qxe5 37. Nxe5 b3 38. Rb1 1-0

[Event "NJSK 2018 Jeugd C"]
[Site "Assen, Netherlands"]
[Date "2018.05.02"]
[Round "5.7"]
[White "Van Foreest, Nanne"]
[Black "Bleeker, Kasper"]
[Result "1/2-1/2"]
[TimeControl "40/90m+30sec/move"]
[WhiteElo "1482"]
[BlackElo "1737"]

1. e4 e5 2. Nf3 Nc6 3. Bc4 Nf6 4. Ng5 d5 5. exd5 Na5 6. Bb5+ c6 7. dxc6 bxc6 8. Qf3 Bb7 9. Bd3 c5 10.
Bb5+ Ke7 11. Qc3 Qc7 12. O-O Nd5 13. Qa3 f6 14. Ne4 Kf7 15. Qh3 Nf4 16. Qe3 a6 17. Ba4 g6 18. g3 1/2-1/2

[Event "NJSK 2018 Jeugd C"]
[Site "Assen, Netherlands"]
[Date "2018.05.02"]
[Round "5.8"]
[White "Cchung, Nyuk Lyn"]
[Black "Catalan, Ciro"]
[Result "1/2-1/2"]
[TimeControl "40/90m+30sec/move"]
[WhiteElo "1796"]
[BlackElo "1503"]

1. e4 c5 2. Nf3 d6 3. d4 cxd4 4. Nxd4 Nf6 5. Nc3 a6 6. Bg5 e6 7. f4 b5 8. e5 dxe5 9. fxe5 Qc7 10.
Qe2 Nfd7 11. O-O-O Bb7 12. Qh5 Qxe5 13. Bxb5 axb5 14. Rhe1 g6 15. Qg4 h5 16. Qh4 Qxg5+ 17. Qxg5 Bh6 18.
Qxh6 Rxh6 19. Ndxb5 Ke7 20. Rd2 Na6 21. Nd6 Bc6 22. Nce4 Bxe4 23. Rxe4 Nac5 24. Rf4 f6 25. b4 Na6 26.
a3 Rhh8 27. Nc4 Nc7 28. Na5 Ne5 29. Rdf2 Nd5 30. Rd4 Nc3 31. Kb2 Rhc8 32. Kb3 Nb5 33. Rdf4 f5 34. Re2 Nd7 35. c4 Nd6 36.
Rd4 Ne4 37. h3 Ne5 38. Re1 Rd8 39. Red1 Nf2 40. R1d2 Ne4 1/2-1/2

[Event "NJSK 2018 Jeugd C"]
[Site "Assen, Netherlands"]
[Date "2018.05.02"]
[Round "5.9"]
[White "Roebers, Eline"]
[Black "Yeh, Timo"]
[Result "1/2-1/2"]
[TimeControl "40/90m+30sec/move"]
[WhiteElo "1961"]
[BlackElo "1729"]

1. e4 e5 2. Nc3 Nf6 3. f4 d5 4. fxe5 Nxe4 5. Qf3 Nxc3 6. bxc3 c5 7. Ne2 Nc6 8. Nf4 Nxe5 9. Qxd5 Qxd5 10.
Nxd5 Bd6 11. d4 cxd4 12. cxd4 Nc6 13. c3 O-O 14. Bd3 Re8+ 15. Kf2 Ne7 16. Re1 Be6 17. Nxe7+ Bxe7 18. Be4 Rac8 19.
Bd2 b6 20. g3 Red8 21. a4 h6 22. a5 b5 23. Rab1 b4 24. cxb4 Rxd4 25. Rb2 Rcc4 26. Bf3 Bxb4 27. Bxb4 Rxb4 28.
Rxb4 Rxb4 29. Re5 Rb2+ 30. Kg1 g6 31. Rc5 Ra2 32. Bd5 Bxd5 33. Rxd5 Kf8 34. Rb5 a6 35. Re5 f6 36. Re6 Rxa5 37.
Rxf6+ Kg7 38. Rb6 Ra2 39. Rc6 a5 40. Ra6 h5 41. h4 a4 42. Kf1 Kf7 43. Ke1 Rg2 44. Rxa4 Rxg3 45. Kf2 Rb3 46.
Kg2 Kf6 47. Ra5 Rb4 48. Kg3 Re4 49. Rb5 Re5 50. Rb4 Rc5 51. Kf4 Rf5+ 52. Ke3 Ra5 53. Kf4 Rf5+ 54. Ke3 g5 55. Rb6+ Kg7 56.
Rb7+ Kf6 57. Rb6+ Kg7 1/2-1/2

[Event "NJSK 2018 Jeugd C"]
[Site "Assen, Netherlands"]
[Date "2018.05.02"]
[Round "5.10"]
[White "Torensma, Christian"]
[Black "Labruyere, Roger"]
[Result "0-1"]
[TimeControl "40/90m+30sec/move"]
[WhiteElo "1455"]
[BlackElo "1665"]

1. e4 c6 2. d4 d5 3. Nc3 dxe4 4.
Nxe4 Bf5 5. Ng3 Bg6 6. h4 h6 7. Nf3 Nd7 8. h5 Bh7 9. Bd3 Bxd3 10. Qxd3 e6 11. Bf4 Qa5+ 12. Bd2 Qc7 13.
O-O-O O-O-O 14. Ne4 Ngf6 15. Nxf6 Nxf6 16. Qe2 Bd6 17. Kb1 Rhe8 18. Ne5 Bxe5 19. dxe5 Nd5 20. c4 Ne7 21. g4 c5 22.
Bc3 Nc6 23. f4 Nd4 24. Qe3 Qc6 25. Rhf1 Qg2 26. Bxd4 cxd4 27. Qf3 Qxf3 28. Rxf3 Re7 29. Rfd3 Red7 30. b4 a6 31. a4 Kc7 32. Rc1 Kc6 33. a5 Rb8 34. Rcd1 b6 35. Rxd4 Rxd4 36. Rxd4 bxa5 37. Rd6+ Kc7 38. Rxa6 Rxb4+ 39. Ka2 Kb7 40. Rd6 Rxc4 41.
Rd7+ Rc7 42. Rd4 Kc8 43. Kb2 Rb7+ 44. Ka3 Kc7 45. g5 Rb1 46. Rd6 Rg1 47. g6 fxg6 48. hxg6 Rxg6 49. f5 Rg3+ 50.
Ka4 exf5 51. Kxa5 f4 52. Rd2 Re3 0-1

[Event "NJSK 2018 Jeugd C"]
[Site "Assen, Netherlands"]
[Date "2018.05.02"]
[Round "5.11"]
[White "Franke, Daniel"]
[Black "Van der Schaaf, Tristan"]
[Result "0-1"]
[TimeControl "40/90m+30sec/move"]
[WhiteElo "1298"]
[BlackElo "1647"]

1. d4 Nf6 2. c4 e6 3. Nf3 b6 4. Nc3 Bb7 5. e3 Be7 6. Bd3 d5 7. O-O O-O 8. Qc2 Nbd7 9. e4 dxe4 10.
Nxe4 Nxe4 11. Bxe4 Bxe4 12. Qxe4 c5 13. Re1 Nf6 14. Qe3 Re8 15. b3 Qc7 16. h3 Rad8 17. Bb2 Nd7 18. Qe2 Bf6 19.
dxc5 Qxc5 20. Rad1 Bxb2 21. Qxb2 Qc7 22. Nd4 Nc5 23. Rd2 Rd7 24. Red1 Red8 25. Nb5 Qb7 26. Rxd7 Rxd7 27. Rxd7 Qxd7 28.
Qe5 Qb7 29. Qc7 Qxc7 30. Nxc7 a5 31. Kf1 Kf8 32. Na8 Nd7 33. Nc7 Ke7 34. Ke2 Nc5 35. Na8 Nd7 36. Nc7 Kd8 37. Nb5 Nc5 38.
Nd6 f6 39. Ke3 Kd7 40. Nb5 Kc6 41. Nd4+ Kd6 42. Nb5+ Kd7 43. g4 g5 44. f3 Kc6 45. Na7+ Kd6 46. Nc8+ Kc7 47. Na7 Nd7 48.
Nb5+ Kc6 49. Nd4+ Kd6 50. Nb5+ Ke5 51. Nd4 f5 52. Nc6+ Kd6 53. Nd8 Ne5 54. gxf5 exf5 55. f4 Kd7 56.
Nb7 Kc7 57. fxe5 Kxb7 58. Kd4 Kc6 59. a3 g4 60. hxg4 fxg4 61. b4 axb4 62. axb4 h5 63. b5+ Kd7 64. Kd5 g3 65. e6+ Ke7 66.
Kc6 g2 67. Kxb6 g1=Q+ 68. Ka5 Qa1+ 69. Kb6 Kxe6 70. c5 Qd4 71.
Kc6 Qd7+ 72. Kb6 Qc8 73. Ka7 Qxc5+ 74. b6 Qxb6+ 0-1

[Event "NJSK 2018 Jeugd C"]
[Site "Assen, Netherlands"]
[Date "2018.05.02"]
[Round "5.12"]
[White "Tiggelman, Vincent"]
[Black "Albers, Sasa"]
[Result "0-1"]
[TimeControl "40/90m+30sec/move"]
[WhiteElo "1394"]
[BlackElo "1336"]

1. e4 c6 2. d4 d5 3. exd5 cxd5 4. Bd3 Nc6 5. c3 Nf6 6. h3 e6 7. Bf4 Bd6 8. Bxd6 Qxd6 9. Nf3 Bd7 10.
Nbd2 O-O 11. O-O Rac8 12. Re1 Qc7 13. Ne5 Na5 14. g4 h6 15. h4 g6 16. Qf3 Kg7 17. Qf4 b5 18. Re3 Nc4 19.
Ndxc4 dxc4 20. Be4 Nxe4 21. Qxe4 Bc6 22. Nxc6 Qxc6 23. Qxc6 Rxc6 24. Re5 Rb8 25. Rae1 b4 26. Ra5 bxc3 27.
bxc3 Rc7 28. Kg2 Rb2 29. Ra3 Rcb7 30. Re5 Rc2 31. Rea5 Rbb2 32. Rxa7 Rxf2+ 33. Kg3 Rg2+ 34. Kh3 Rh2 35.
Kg3 Rbg2+ 36. Kf3 Rc2 37. g5 hxg5 38. hxg5 Rxc3+ 39. Rxc3 Rh3+ 40. Ke2 Rxc3 41. a4 Rg3 42. a5 Rxg5 43.
a6 Ra5 44. Kd2 Ra3 45. Kc2 c3 46. Kd3 g5 47. Rc7 Rxa6 48. Rxc3 Ra1 49. Ke4 Re1+ 50. Kf3 f5 0-1

[Event "NJSK 2018 Jeugd C"]
[Site "Assen, Netherlands"]
[Date "2018.05.02"]
[Round "6.1"]
[White "Elgersma, Onno"]
[Black "Kutchoukov, Daniel"]
[Result "1/2-1/2"]
[TimeControl "40/90m+30sec/move"]
[WhiteElo "2060"]
[BlackElo "1902"]

1. e4 c6 2. d4 d5 3. e5 Bf5 4.
Nf3 e6 5. Be2 c5 6. c4 dxc4 7. Bxc4 Nc6 8. Be3 cxd4 9. Bxd4 Bg4 10. Bb5 Nge7 11. Bxc6+ Nxc6 12. Bc3 Qxd1+ 13. Kxd1 Bxf3+ 14. gxf3 O-O-O+ 15. Ke2 Rd5 16. f4 Be7 17. Rg1 Rg8 18. Nd2 b5 19. b3 g6 20. Ne4 Rgd8 21. Rac1 Kb7 22. Rc2 Rd4 23.
f3 Rd3 24. Rgc1 R3d7 25. h3 h6 26. Rg1 Rc8 27. Rgc1 a6 28. Ke3 Rcd8 29. Re1 Rd5 30. Rec1 Rc8 31. Bb2 Na7 32. Rxc8 Nxc8 33.
Bd4 Bd8 34. Bc5 Rd7 35. Bf8 Bb6+ 36. Ke2 h5 37. Bb4 Kb8 38. Ba3 Kb7 39. Bf8 1/2-1/2

[Event "NJSK 2018 Jeugd C"]
[Site "Assen, Netherlands"]
[Date "2018.05.02"]
[Round "6.2"]
[White "Van Foreest, Machteld"]
[Black "Boghossian, Wahe"]
[Result "1-0"]
[TimeControl "40/90m+30sec/move"]
[WhiteElo "2132"]
[BlackElo "1748"]

1. e4 c5 2. Nf3 d6 3. d4 cxd4 4. Nxd4 Nf6 5. Nc3 a6 6. Bg5 Nbd7 7. f4 g6 8. Qf3 Bg7 9. O-O-O O-O 10.
g4 Qb6 11. h4 Nxg4 12. Nd5 Qa5 13. Qxg4 Qxa2 14. Bxe7 Qa1+ 15. Kd2 Qxb2 16. Nb3 Nc5 17. Qf3 Bg4 18. Qxg4 Nxb3+ 19. Ke1 Nd4 20.
Bxf8 Nxc2+ 21. Kf2 Bd4+ 22. Kg3 Rxf8 23. Bd3 Nb4 24. Qe2 Qa3 25. Nxb4 Qxb4 26. Rb1 Qc5 27. Rxb7 h6 28. Bxa6 Ra8 29.
Qc4 Qa3+ 30. Kg2 d5 31. Qxd5 Rf8 32. Qxd4 Qxa6 33. Rb2 Qa5 34. Rhb1 Qa6 35. Kg1 Kh7 36. Rb8 Qa3 37. Rxf8 Qxf8 38.
Rb7 h5 39. Qf6 Qc5+ 40. Kf1 Qc1+ 41. Ke2 Qc2+ 42. Ke3 Qc1+ 43. Kd3 Qd1+ 44. Kc4 Qc2+ 45. Kd5 Qa2+ 46. Kc6 Qc2+ 47. Kd7 Qd3+ 48.
Ke8 Qxe4+ 49. Kf8 1-0

[Event "NJSK 2018 Jeugd C"]
[Site "Assen, Netherlands"]
[Date "2018.05.02"]
[Round "6.3"]
[White "Pham, Khoi"]
[Black "Van der Hagen, Loek"]
[Result "1-0"]
[TimeControl "40/90m+30sec/move"]
[WhiteElo "1983"]
[BlackElo "1815"]

1. e4 c5 2. Nf3 d6 3. d4 cxd4 4. Nxd4 Nf6 5. Nc3 Nc6 6. Bg5 e6 7. Qd2 Be7 8. f3 O-O 9. O-O-O Nxd4 10.
Qxd4 Qa5 11. Be3 Rd8 12. Bc4 Bd7 13. Qd2 Rac8 14. Bb3 b5 15. Qf2 b4 16. Ne2 Ba4 17. Kb1 Bxb3 18. cxb3 Rc6 19.
Bd2 Ra6 20. a4 Nd7 21. Nd4 Nc5 22. Qe2 e5 23. Nf5 Nxb3 24. Nxe7+ Kf8 25. Bxb4 Qxa4 26. Nd5 Qa2+ 27. Kc2 Nd4+ 28.
Rxd4 exd4 29. Rd1 Rc6+ 30. Kd2 Qxb2+ 31. Ke1 Rc2 32. Rd2 Rxd2 33. Qxd2 Qa1+ 34. Kf2 a5 35. Qe1 Qa2+ 36. Qd2 Qa4 37.
Bxa5 Rb8 38. Bc7 Rb3 39. Bxd6+ Kg8 40. Qg5 Rb2+ 41. Kg3 Qa8 42. Be5 Qf8 43. Nf6+ Kh8 44. Nh5 f6 45. Nxf6 h6 46.
Qg6 1-0

[Event "NJSK 2018 Jeugd C"]
[Site "Assen, Netherlands"]
[Date "2018.05.02"]
[Round "6.4"]
[White "Shakhverdian, William"]
[Black "Brandsma, Romayn"]
[Result "1-0"]
[TimeControl "40/90m+30sec/move"]
[WhiteElo "1777"]
[BlackElo "1715"]

1. e4 e5 2. Nf3 Nc6 3. Bc4 Bc5 4. c3 Nf6 5. d3 d6 6. a4 h6 7. b4 Nxb4 8. cxb4 Bxb4+ 9. Bd2 Bc5 10.
h3 c6 11. O-O g5 12. Qb3 Qe7 13. Bb4 g4 14. hxg4 Bxg4 15. Bxc5 Bxf3 16. Bxd6 Qd7 17. Bxf7+ Qxf7 18. Qxf7+ Kxf7 19.
gxf3 Rhg8+ 20. Kh2 Rad8 21. Bxe5 Rxd3 22. Ra3 Rdd8 23. Rb3 b6 24. Rg1 Rxg1 25. Kxg1 Rd1+ 26. Kg2 Ke6 27. Bxf6 Kxf6 28.
Nc3 Rd4 29. Kg3 Ke5 30. f4+ Ke6 31. Kg4 Rd2 32. Kf3 Rd3+ 33. Ke2 Rh3 34. f5+ Kf7 35. Ra3 Rh1 36. Kf3 Rh3+ 37. Kg4 Rh1 38.
Ne2 c5 39. Rd3 Kf6 40. Rd6+ Ke7 41. Rg6 h5+ 42. Kf4 Kf7 43. Rc6 h4 44. Rc7+ Kf8 45. Ke5 Rd1 46. Nf4 Ke8 47. Ke6 Rd8 48.
Rh7 1-0

[Event "NJSK 2018 Jeugd C"]
[Site "Assen, Netherlands"]
[Date "2018.05.02"]
[Round "6.5"]
[White "Nguyen, Lucas"]
[Black "Van Foreest, Nanne"]
[Result "1-0"]
[TimeControl "40/90m+30sec/move"]
[WhiteElo "1919"]
[BlackElo "1482"]

1. e4 e5 2. Nf3 Nc6 3. d4 exd4 4. Nxd4 Nf6 5. Nxc6 bxc6 6. Bd3 d6 7. O-O Be7 8. Nc3 O-O 9. Bf4 Rb8 10.
Rb1 Bg4 11. Be2 Bxe2 12. Qxe2 d5 13. Rfd1 d4 14. Qf3 c5 15. Ne2 Qc8 16. c3 dxc3 17. Nxc3 Rd8 18. e5 Nd7 19. Nd5 Bf8 20.
e6 fxe6 21. Bxc7 exd5 22. Qxd5+ Kh8 23. Bxd8 Qxd8 24. Qxd7 Qxd7 25. Rxd7 c4 26. Rc7 Rb4 27. a3 Rb8 28. Rxc4 Bxa3 29.
Ra4 Rxb2 30. Rxb2 Bxb2 31. Rb4 Be5 32. Re4 1-0

[Event "NJSK 2018 Jeugd C"]
[Site "Assen, Netherlands"]
[Date "2018.05.02"]
[Round "6.6"]
[White "Labruyere, Roger"]
[Black "Bleeker, Kasper"]
[Result "0-1"]
[TimeControl "40/90m+30sec/move"]
[WhiteElo "1665"]
[BlackElo "1737"]

1. e4 e5 2. Nf3 Nc6 3. d4 exd4 4. Bc4 Nf6 5. O-O d6 6. Re1 Ne5 7. Nbd2 Bg4 8. Be2 Qd7 9. Nxd4 Bxe2 10.
Qxe2 O-O-O 11. N2f3 Re8 12. Bf4 Qg4 13. Bxe5 dxe5 14. Nf5 Nh5 15. h3 Qg6 16. N5h4 Qf6 17. Rad1 Bc5 18. Qb5 Bb6 19.
Nf5 Nf4 20. Qc4 Kb8 21. Rd7 Qg6 22. N5h4 Qg3 23. Qxc7+ Bxc7 24. fxg3 Nh5 25. Rxf7 Nxg3 26. Rxg7 Nh5 27. Rg5 Nf4 28.
Rd1 h6 29. Rf5 Rhg8 30. Kf1 Rg3 31. Kf2 Reg8 32. Rf8+ Rxf8 33. Kxg3 Rf7 34. c4 Nh5+ 35. Kh2 Rf4 36. Rd7 Rxe4 37.
Rh7 b6 38. Rxh6 Nf4 39. b3 Re2 40. a4 e4 41. Ng1 Nd3 42. Kh1 Nf2 0-1

[Event "NJSK 2018 Jeugd C"]
[Site "Assen, Netherlands"]
[Date "2018.05.02"]
[Round "6.7"]
[White "Catalan, Ciro"]
[Black "Klaren, Duncan"]
[Result "0-1"]
[TimeControl "40/90m+30sec/move"]
[WhiteElo "1503"]
[BlackElo "1713"]

1. d4 Nf6 2. c4 g6 3. Nc3 Bg7 4. e4 d6 5. Be3 O-O 6. f3 c5 7. d5 e6 8. Qd2 exd5 9. cxd5 Nbd7 10.
O-O-O a6 11. g4 b5 12. h4 h5 13. gxh5 Nxh5 14. Nce2 Ne5 15. Nf4 Ng3 16. Rh2 Nxf1 17. Rxf1 Nc4 18.
Qe1 Be5 19. b3 Nxe3 20. Qxe3 c4 21. h5 g5 22. Rg2 Qf6 23. Nfe2 cxb3 24. axb3 Kh7 25. Qxg5 Qxg5+ 26. Rxg5 a5 27.
f4 Bf6 28. Rg3 a4 29. bxa4 bxa4 30. Ra3 Bg4 31. Nf3 Rfc8+ 32. Kd2 Bb2 33. Ra2 a3 34. Ned4 Rc4 35. Ng5 Kh6 36. Ndf3 Rac8 37.
Nxf7 Kg7 38. Rg1 Rc2+ 39. Kd1 Rc1+ 40. Kd2 Rxg1
41. Nxg1 Kxf7 42. h6 Rc1 43.
Ne2 Bxe2 44. Kxe2 Ra1 45. Rxa1 Bxa1 46. Kd2 a2 47. Kc2 Bd4 0-1

[Event "NJSK 2018 Jeugd C"]
[Site "Assen, Netherlands"]
[Date "2018.05.02"]
[Round "6.8"]
[White "Maters, Arthur"]
[Black "Albers, Sasa"]
[Result "1-0"]
[TimeControl "40/90m+30sec/move"]
[WhiteElo "1895"]
[BlackElo "1336"]

1. e4 c6 2. Nc3 d5 3. Nf3 dxe4 4.
Nxe4 Bf5 5. Ng3 Bg6 6. h4 h6 7. Ne5 Qd6 8. d4 Nd7 9. Nxg6 Qxg6 10. Bd3 Qd6 11. Be3 e6 12. Qd2 Ngf6 13.
Ne4 Nxe4 14. Bxe4 Nf6 15. Bf3 Nd5 16. O-O-O Qc7 17. Rhe1 Nxe3 18. Qxe3 O-O-O 19. d5 cxd5 20. Qxa7 Bc5 21.
Qa8+ Qb8 22. Qa4 Bxf2 23. Rf1 Bg3 24. Bg4 f5 25. Rd3 Be5 26. Be2 Rd6 27. Rb3 b6 28. Re1 Bf6 29. Kb1 Kd8 30.
c4 dxc4 31. Bxc4 Ke7 32. Qb4 Kf7 33. Rbe3 Re8 34. Qb3 Qc8 35. Qc2 g6 36. Bxe6+ Rdxe6 37. Qxc8 Rxc8 38. Rxe6 Bxh4 39. R1e2 Bg5 40.
b3 Rb8 41. Rc6 Bf4 42. Ree6 Rg8 43. Rxb6 h5 44. Rec6 Rb8 45. Rf6+ Kg7 46. Rxg6+ Kh7 47. Rxb8 Kxg6 48. Rg8+ Kf6 49.
Kc2 h4 50. a4 Be3 51. Kd3 Bg1 52. a5 f4 53. Rg4 f3 54. Rf4+ 1-0

[Event "NJSK 2018 Jeugd C"]
[Site "Assen, Netherlands"]
[Date "2018.05.02"]
[Round "6.9"]
[White "Bartels, Vladimir"]
[Black "Roebers, Eline"]
[Result "1-0"]
[TimeControl "40/90m+30sec/move"]
[WhiteElo "1757"]
[BlackElo "1961"]

1. e4 c5 2. Nc3 d6 3. f4 Nc6 4.
Nf3 g6 5. Bc4 Bg7 6. O-O e6 7. d3 Nge7 8. Qe1 O-O 9. Qh4 b6 10. f5 exf5 11. Bh6 Ne5 12. Ng5 Bf6 13. Bxf8 Bxg5 14.
Qxg5 Qxf8 15. Nd5 N5c6 16. Nf6+ Kh8 17. Rf4 Ng8 18. Rh4 Nxf6 19. Qxf6 Kg8 20. Rf1 Ne5 21. Rff4 Nd7 22. Qg5 1-0

[Event "NJSK 2018 Jeugd C"]
[Site "Assen, Netherlands"]
[Date "2018.05.02"]
[Round "6.10"]
[White "Van der Schaaf, Tristan"]
[Black "Cchung, Nyuk Lyn"]
[Result "1/2-1/2"]
[TimeControl "40/90m+30sec/move"]
[WhiteElo "1647"]
[BlackElo "1796"]

1. d4 d5 2. c4 dxc4 3. Nf3 Nf6 4. e3 Bg4 5. Bxc4 e6 6. O-O Be7 7. Nc3 O-O 8. h3 Bxf3 9. Qxf3 c6 10.
Rd1 Nbd7 11. b3 b5 12. Bf1 Qb6 13. Bb2 Rfe8 14. Rac1 Rac8 15. e4 a6 16. e5 Nd5 17. Nxd5 cxd5 18.
Bd3 Bg5 19. Rxc8 Rxc8 20. Qh5 h6 21. h4 Be7 22. Qg4 Nb8 23. Bb1 Nc6 24. Kh1 Nxe5 25. dxe5 Qxf2 26. Bd4 Qxh4 27. Qxh4 Bxh4 28.
Bd3 f6 29. Rf1 Kf7 30. b4 f5 31. Bc5 Bg3 32. Bd4 g5 33. Rd1 h5 34. Kg1 g4 35. Kf1 h4 36. Ke2 Kg6 37. Rf1 Rc7 38.
Rh1 Kg5 39. Rf1 Kg6 40. Rh1 Kg5 41. Rf1 Bf4 42. Rh1 Rc1 43. Rxc1 Bxc1 44. a4 Ba3 45. axb5 axb5 46. Bc3 d4 47.
Bd2+ f4 48. Bxb5 Kf5 49. Bc6 Kxe5 50. b5 Bd6 51. Be1 h3 52. gxh3 gxh3 53. Kd3 Bb8 54. Bb4 Ba7 55. Ba5 Kd6 56.
Bb4+ Bc5 57. Be1 h2 58. Ba5 e5 59. Kc4 Ba7 60. Bb4+ Kc7 61. Ba5+ Bb6 62. Bb4 Ba7 1/2-1/2

[Event "NJSK 2018 Jeugd C"]
[Site "Assen, Netherlands"]
[Date "2018.05.02"]
[Round "6.11"]
[White "Yeh, Timo"]
[Black "Franke, Daniel"]
[Result "1-0"]
[TimeControl "40/90m+30sec/move"]
[WhiteElo "1729"]
[BlackElo "1298"]

1. d4 d5 2. Nf3 Bf5 3. Bf4 Nf6 4. e3 e6 5. c4 c6 6. Nc3 Be7 7. Be2 Nbd7 8. O-O O-O 9. Qb3 b6 10.
Rac1 Nh5 11. Bg3 Nxg3 12. hxg3 Nf6 13. cxd5 cxd5 14. Ne5 Bd6 15.
Nc6 Qd7 16. Nb5 Rfc8 17. Nxd6 Qxd6 18. Nxa7 Rd8 19. Nb5 Qe7 20. Rc7 Rd7 21. Rfc1 Ne8 22. R7c6 Rb8 23. a3 h6 24. Bd3 Bxd3 25.
Qxd3 Rbb7 26. Qb3 Nc7 27. Nxc7 Rdxc7 28. Rxc7 Rxc7 29. Rxc7 Qxc7 30. Qc3 Qd7 31. Qc2 Qb5 32. f3 g6 33.
Kf2 Kg7 34. Ke1 Kf6 35. b4 h5 36. Qc3 Qa4 37. Kd2 Qa7 38. e4 dxe4 39.
fxe4 Qd7 40. Ke3 Kg5 41. d5 Qd6 42. Kf2 exd5 43. Qe3+ Kg4 44. e5 Kf5 45. exd6 1-0

[Event "NJSK 2018 Jeugd C"]
[Site "Assen, Netherlands"]
[Date "2018.05.02"]
[Round "6.12"]
[White "Torensma, Christian"]
[Black "Tiggelman, Vincent"]
[Result "1-0"]
[TimeControl "40/90m+30sec/move"]
[WhiteElo "1455"]
[BlackElo "1394"]

1. e4 c6 2. d4 d5 3. Nc3 dxe4 4.
Nxe4 Bf5 5. Ng3 Bg6 6. h4 h6 7. Nf3 Nd7 8. h5 Bh7 9. Bd3 Bxd3 10. Qxd3 Ngf6 11. Bf4 e6 12. O-O-O Bb4 13.
c3 Ba5 14. Ne4 Nxe4 15. Qxe4 Bc7 16. Bxc7 Qxc7 17. Ne5 O-O 18. g4 Nxe5 19. dxe5 Rfd8 20. f4 Qe7 21. Qe3 b6 22. Qg3 Rxd1+ 23. Rxd1 Rd8 24. Rxd8+ Qxd8 25. Qf3 Qd5 26. Qxd5 cxd5 27. Kd2 f6 28. Kd3 fxe5 29. fxe5 g5 30. c4 dxc4+ 31. Kxc4 a6 32.
a4 Kf7 33. a5 bxa5 34. Kc5 Ke7 35. Kc6 a4 36. Kc7 a5 37. Kc6 a3 38. bxa3 a4 39. Kc7 1-0

[Event "NJSK 2018 Jeugd C"]
[Site "Assen, Netherlands"]
[Date "2018.05.03"]
[Round "7.1"]
[White "Pham, Khoi"]
[Black "Van Foreest, Machteld"]
[Result "0-1"]
[TimeControl "40/90m+30sec/move"]
[WhiteElo "1983"]
[BlackElo "2132"]

1. e4 e5 2. Nf3 Nc6 3. Bb5 a6 4. Ba4 Nf6 5. O-O Be7 6. Re1 b5 7. Bb3 O-O 8. a4 b4 9. d3 d6 10.
Nbd2 a5 11. h3 Kh8 12. c3 bxc3 13. bxc3 Ba6 14. Nc4 Rb8 15. d4 exd4 16. cxd4 d5 17. Nce5 Nxe5 18. Nxe5 Bb7 19. exd5 Bxd5 20.
Bc2 Bb4 21. Re3 Ba8 22. Qd3 Qd5 23. f3 c5 24. Bb2 Rbd8 25. Ng4 c4 26. Qe2 Nxg4 27. hxg4 c3 28. Bxc3 Bxc3 29. Rxc3 Qxd4+ 30. Qe3 Qxe3+ 31. Rxe3 Rd2 32. Bb3 Bd5 33. Rae1 Bxb3 34. Rxb3 Ra2 35. Re4 h6 36. Rb7 Rd8 37. Rxf7 Rdd2 38.
Ree7 Rxg2+ 39. Kf1 Rgf2+ 40. Kg1 Rfb2 41. Re1 Rxa4 42. Rf5 Raa2 43. Rc5 a4 44. Rcc1 a3 45. Ra1 Rxa1 46. Rxa1 a2 0-1

[Event "NJSK 2018 Jeugd C"]
[Site "Assen, Netherlands"]
[Date "2018.05.03"]
[Round "7.2"]
[White "Kutchoukov, Daniel"]
[Black "Nguyen, Lucas"]
[Result "1-0"]
[TimeControl "40/90m+30sec/move"]
[WhiteElo "1902"]
[BlackElo "1919"]

1. e4 c5 2. Nc3 Nc6 3. Bb5 Nd4 4.
Bc4 e6 5. Nge2 Nf6 6. O-O a6 7. d3 d5 8. exd5 exd5 9. Nxd5 Nxd5 10. Nxd4 cxd4 11. Qh5 Be7 12. Qxd5 O-O 13. Re1 Bf6 14.
Bf4 Qb6 15. Qxf7+ 1-0